 Dungeon Crawl Stone Soup version bcrawl-1.23.1-30-gcf7fa35852 (webtiles) character file.

Game seed: 4199509587317859742

132 pasperui the Ducker (level 5, -1/70 HPs)
             Began as a Gnoll Reaver on May 29, 2020.
             Was a Follower of Vehumet.
             Slain by Crazy Yiuf
             ... wielding a +3 quarterstaff of chaos
              (3 damage)
             ... on level 2 of the Dungeon.
             The game lasted 00:03:32 (1551 turns).

pasperui the Ducker (Gnoll Reaver)                  Turns: 1551, Time: 00:03:33

Health: -1/70      AC: 22    Str: 14    XL:     5   Next: 15%
Magic:  11/12      EV:  1    Int: 17    God:    Vehumet [*.....]
Gold:   216        SH:  2    Dex: 18    Spells: 13/14 levels left

rFire    . . .     SeeInvis .   a - +0 long sword
rCold    . . .     Gourm    .   (no shield)
rNeg     + + +     Faith    .   (armour currently unavailable)
rPois    +         Spirit   .   (helmet currently unavailable)
rElec    .         Reflect  .   (cloak currently unavailable)
rCorr    .         Harm     .   (gloves currently unavailable)
MR       .....     NoTele   +   (boots currently unavailable)
Stlth    +++.......             (no amulet)
HPRegen  0.21/turn              (no ring)
MPRegen  0.13/turn              (no ring)

@: agile, lethally poisoned (-1 -> -2), tree-form, lightly drained
A: giant, distributed training, strong nose
a: Renounce Religion


You were on level 2 of the Dungeon.
You worshipped Vehumet.
Vehumet was aware of your devotion.
You were not hungry.
You were a tree.
You visited 1 branch of the dungeon, and saw 2 of its levels.

You collected 216 gold pieces.

Inventory:

Hand Weapons
 a - a +0 long sword (weapon)
Missiles
 f - 284 stones (quivered)
 g - 424 arrows
Armour
 b - +0 steam dragon scales (melded)
Scrolls
 d - a scroll of immolation
 i - 3 scrolls of identify {unknown}
 j - a scroll of enchant weapon {unknown}
 m - a scroll of remove curse {unknown}
Potions
 c - a potion of haste
Comestibles
 e - 4 rations {!d}


   Skills:
 + Level 6.6(6.2) Fighting
 + Level 1.3(1.0) Short Blades
 + Level 6.6(6.2) Long Blades
 + Level 1.3(1.0) Axes
 + Level 1.3(1.0) Maces & Flails
 + Level 1.3(1.0) Polearms
 + Level 1.3(1.0) Staves
 + Level 1.3(1.0) Slings
 + Level 1.3(1.0) Bows
 + Level 1.3(1.0) Crossbows
 + Level 1.3(1.0) Throwing
 + Level 1.3(1.0) Armour
 + Level 6.6(6.2) Dodging
 + Level 1.3(1.0) Stealth
 + Level 1.3(1.0) Shields
 + Level 1.3(1.0) Unarmed Combat
 + Level 5.1(4.7) Spellcasting
 + Level 1.1(0.7) Conjurations
 + Level 1.1(0.7) Hexes
 + Level 1.1(0.7) Charms
 + Level 1.1(0.7) Summonings
 + Level 1.1(0.7) Necromancy
 + Level 1.1(0.7) Translocations
 + Level 1.1(0.7) Transmutations
 + Level 1.1(0.7) Fire Magic
 + Level 1.1(0.7) Ice Magic
 + Level 1.1(0.7) Air Magic
 + Level 1.1(0.7) Earth Magic
 + Level 1.1(0.7) Poison Magic
 + Level 1.5(1.1) Invocations
 + Level 1.3(1.0) Evocations


You had 13 spell levels left.
You knew the following spells:

 Your Spells              Type           Power        Failure   Level  Hunger
a - Sandblast             Erth           #.....       3%          1    None

Your spell library contained the following spells:

 Spells                   Type           Power        Failure   Level  Hunger
 Iskenderun's Battlesphe  Conj/Chrm      #.......     56%         5    ######.


Dungeon Overview and Level Annotations

Branches:
Dungeon (2/12)

Altars:

Annotations:
D:2 Crazy Yiuf


Innate Abilities, Weirdness & Mutations

Your experience applies equally to all skills.
((You have very sharp teeth.))
Your uncanny sense of smell can sniff out nearby items.


Message History

You completely miss Crazy Yiuf.
Crazy Yiuf is almost dead.
* * * LOW HITPOINT WARNING * * *
You feel sick.
Unknown command.
It was a potion of lignification.
You turn into a tree.
Your +0 steam dragon scales melds into your body.
Your roots penetrate the ground.
Crazy Yiuf hits you but does no damage.
Unknown command.
It was a potion of agility.
You feel agile all of a sudden. Crazy Yiuf hits you but does no damage.
Unknown command.
Okay, then.
You hit Crazy Yiuf but do no damage.
Crazy Yiuf is almost dead.
* * * LOW HITPOINT WARNING * * *
You feel sick.
Crazy Yiuf hits you with a +3 quarterstaff of chaos.
You die...

#..# ##.##.# #.# #..
#..####.#.#.##### #.#
##. #......###......#
#.# ##
#.#####.######### ###
##.# ### ...# .###
### ♣♣#### .# ∆
#)))#♣♣ ♣....## .#
#.))g♣♣♣♣♣♣.....# .#
#)))#♣))♣)......#####
.# ###
♣♣♣)♣).........# .#
♣♣♣♣♣#######.# .# #.#
.# #.# .# #.# .# #.#
#.# .# #.# #.#


You could see Crazy Yiuf.

Vanquished Creatures
  An ogre (D:2)
  An ooze (D:1)
  A dart slug (D:1)
  4 leopard geckos
  A ball python (D:1)
  3 giant cockroaches
  2 goblins (D:1)
  5 hobgoblins
  2 jackals (D:1)
  5 bats
  4 frilled lizards
  5 kobolds
  4 rats (D:1)
38 creatures vanquished.

Notes
Turn   | Place    | Note
-------+----------+-------------------------------------------
     0 | D:1      | pasperui the Gnoll Reaver began the quest for the Orb.
     0 | D:1      | Reached XP level 1. HP: 23/23 MP: 6/6
    66 | D:1      | Reached XP level 2. HP: 27/29 MP: 7/7
   244 | D:1      | Reached XP level 3. HP: 35/35 MP: 9/9
   250 | D:1      | Reached * piety under Vehumet
   250 | D:1      | Offered knowledge of Sandblast by Vehumet.
   253 | D:1      | Learned a level 1 spell: Sandblast
   364 | D:1      | Reached skill level 5 in Spellcasting
   839 | D:2      | Reached skill level 1 in Invocations
  1277 | D:2      | Noticed an ogre
  1286 | D:2      | Killed an ogre
  1286 | D:2      | Reached skill level 1 in Short Blades
  1286 | D:2      | Reached skill level 1 in Axes
  1286 | D:2      | Reached skill level 1 in Maces & Flails
  1286 | D:2      | Reached skill level 1 in Polearms
  1286 | D:2      | Reached skill level 1 in Staves
  1286 | D:2      | Reached skill level 1 in Slings
  1286 | D:2      | Reached skill level 1 in Bows
  1286 | D:2      | Reached skill level 1 in Crossbows
  1286 | D:2      | Reached skill level 1 in Throwing
  1286 | D:2      | Reached skill level 1 in Armour
  1286 | D:2      | Reached skill level 1 in Stealth
  1286 | D:2      | Reached skill level 1 in Shields
  1286 | D:2      | Reached skill level 1 in Unarmed Combat
  1286 | D:2      | Reached skill level 1 in Conjurations
  1286 | D:2      | Reached skill level 1 in Hexes
  1286 | D:2      | Reached skill level 1 in Charms
  1286 | D:2      | Reached skill level 1 in Summonings
  1286 | D:2      | Reached skill level 1 in Necromancy
  1286 | D:2      | Reached skill level 1 in Translocations
  1286 | D:2      | Reached skill level 1 in Transmutations
  1286 | D:2      | Reached skill level 1 in Fire Magic
  1286 | D:2      | Reached skill level 1 in Ice Magic
  1286 | D:2      | Reached skill level 1 in Air Magic
  1286 | D:2      | Reached skill level 1 in Earth Magic
  1286 | D:2      | Reached skill level 1 in Poison Magic
  1286 | D:2      | Reached skill level 1 in Evocations
  1286 | D:2      | Reached XP level 4. HP: 10/41 MP: 11/11
  1286 | D:2      | Reached XP level 5. HP: 11/47 MP: 12/12
  1533 | D:2      | Found a runed door.
  1537 | D:2      | Noticed Crazy Yiuf
  1546 | D:2      | Paralysed by Crazy Yiuf for 2 turns
  1547 | D:2      | HP: 2/47 [Crazy Yiuf/+3 quarterstaff of chaos (5)]
  1551 | D:2      | Slain by Crazy Yiuf

Skill      XL: |  1  2  3 |
---------------+----------+-----
Spellcasting   | 5 |  5.1
Invocations    | 1 |  1.5
Short Blades   | 1 |  1.3
Axes           | 1 |  1.3
Maces & Flails | 1 |  1.3
Polearms       | 1 |  1.3
Staves         | 1 |  1.3
Slings         | 1 |  1.3
Bows           | 1 |  1.3
Crossbows      | 1 |  1.3
Throwing       | 1 |  1.3
Armour         | 1 |  1.3
Stealth        | 1 |  1.3
Shields        | 1 |  1.3
Unarmed Combat | 1 |  1.3
Conjurations   | 1 |  1.1
Hexes          | 1 |  1.1
Charms         | 1 |  1.1
Summonings     | 1 |  1.1
Necromancy     | 1 |  1.1
Translocations | 1 |  1.1
Transmutations | 1 |  1.1
Fire Magic     | 1 |  1.1
Ice Magic      | 1 |  1.1
Air Magic      | 1 |  1.1
Earth Magic    | 1 |  1.1
Poison Magic   | 1 |  1.1
Evocations     | 1 |  1.3
Fighting       | |  6.6
Long Blades    | |  6.6
Dodging        | |  6.6

Action                   |  1- 3 |  4- 6 || total
-------------------------+-------+-------++-------
Melee: Long sword        |   146 |    12 ||   158
       Bite              |     7 |     1 ||     8
 Cast: Sandblast         |       |     2 ||     2
  Use: Potion            |       |     2 ||     2
 Stab: Sleeping          |     1 |       ||     1
  Eat: Chunk             |     1 |     1 ||     2
Armor: Steam dragon scal |    54 |     5 ||    59
       Skin              |       |     2 ||     2
Dodge: Dodged            |   157 |    15 ||   172
Block: Other             |    10 |       ||    10
